 Dungeon Sprint DCSS version 0.31.0-32-g396128a36d (webtiles) character file.

Game seed: 3056275203326734155

13500000 Groucho the Intangible (level 27, -219/228 HPs)
             Began as a Djinni Warper on Mar 9, 2024.
             Was the Champion of Makhleb.
             Annihilated by a fleshlord
             ... wielding a +9 great mace
              (334 damage)
             ... in the Dungeon (Sprint VIII: "Arena of Blood").
             The game lasted 00:06:03 (135 turns).

Groucho the Intangible (Djinni Warper)               Turns: 135, Time: 00:06:03

Health: -219/228   AC:  6    Str: 10    XL:     27
Gold:   0          EV: 30    Int: 23    God:    Makhleb [******] SH:  0 Dex: 19

rFire   + + .        i - +∞ Axe of Woe
rCold   x . .        (shield currently unavailable)
rNeg    . . .        b - +0 leather armour
rPois   ∞            (no helmet)
rElec   .            (no cloak)
rCorr   .            (no gloves)
SInv    +            (boots unavailable)
Will    ++...        (no amulet)
Stlth   ++++++++++   j - ring of see invisible
HPRegen 0.58/turn    (no ring)
MPRegen 0.00/turn

%: no teleportation, infuse magic (-220 HP)
@: flying, slowed, very slow
A: sickness immunity, fire resistance 2, cold vulnerability 1, float, innate
caster, HP casting, extra vitality 1
a: Renounce Religion, Minor Destruction, Lesser Servant of Makhleb, Major
Destruction, Greater Servant of Makhleb


You were in the Dungeon.
You worshipped Makhleb.
Makhleb was exalted by your worship.
You visited 1 branch

Inventory:

Hand Weapons
 a - a +0 mace
 i - the +∞ Axe of Woe (weapon)
   (You found it in the Dungeon)
Missiles
 d - 7 darts of dispersal
Armour
 b - a +0 leather armour (worn)
Jewellery
 j - a ring of see invisible (left hand)
 k - a +200 ring of slaying
 l - a +200 ring of slaying
 m - a +250 ring of slaying
 n - a +250 ring of slaying
 o - a +250 ring of slaying
 p - a +250 ring of slaying
Scrolls
 c - a scroll of blinking
Potions
 e - a potion of curing
 f - a potion of heal wounds
 g - a potion of haste
 h - a potion of berserk rage


   Skills:
 O Level 27 Fighting
 O Level 27 Short Blades
 O Level 27 Long Blades
 O Level 27 Axes
 O Level 27 Maces & Flails
 O Level 27 Polearms
 O Level 27 Staves
 O Level 27 Ranged Weapons
 O Level 27 Throwing
 O Level 27 Armour
 O Level 27 Dodging
 O Level 27 Stealth
 O Level 27 Shields
 O Level 27 Unarmed Combat
 O Level 27 Spellcasting
 O Level 27 Conjurations
 O Level 27 Hexes
 O Level 27 Summonings
 O Level 27 Necromancy
 O Level 27 Translocations
 O Level 27 Fire Magic
 O Level 27 Ice Magic
 O Level 27 Air Magic
 O Level 27 Earth Magic
 O Level 27 Alchemy
 O Level 27 Invocations
 O Level 27 Evocations
 O Level 27 Shapeshifting


You knew the following spells:

 Your Spells              Type           Power      Damage    Failure   Level
a - Blink                 Tloc           100%       N/A       0%          2
b - Lesser Beckoning      Tloc           100%       N/A       0%          2
c - Teleport Other        Tloc           100%       N/A       0%          3
d - Manifold Assault      Tloc           100%       N/A       0%          4
e - Vhi's Electric Charg  Tloc/Air       100%       N/A       0%          4
f - Kiss of Death         Conj/Necr      100%       2d13      0%          1
g - Call Imp              Summ           100%       N/A       0%          2
h - Mephitic Cloud        Conj/Alch/Air  100%       N/A       0%          3
i - Tukima's Dance        Hex            100%       N/A       0%          3
j - Yara's Violent Unrav  Hex/Alch       50%        3d19      0%          5
k - Silence               Hex/Air        50%        N/A       0%          5
l - Conjure Ball Lightni  Conj/Air       50%        3x3d17    0%          6
m - Enfeeble              Hex            50%        N/A       0%          7
n - Haunt                 Necr/Summ      50%        N/A       0%          7
o - Infestation           Necr           50%        N/A       1%          8
p - Borgnjor's Revivific  Necr           50%        N/A       1%          8
q - Chain Lightning       Conj/Air       50%        3d67      1%          9
r - Death's Door          Necr           50%        N/A       1%          9
Your spell library was empty.

Dungeon Overview and Level Annotations

Branches:
Dungeon (1/1)

Altars:
Makhleb


Innate Abilities, Weirdness & Mutations

You are immune to sickness and miasma.
You are immune to poison.
Your flesh is very heat resistant. (rF++)
You are vulnerable to cold. (rC-)
You float through the air rather than walking.
You learn spells naturally, not from books.
Your magical power is your life essence.
You have superior vitality. (+4 MHP)


Message History

You destroy the destroyer!
Makhleb accepts your kill.
You open the dread like a pillowcase!!!
You dissect the dread like a pig carcass.
You destroy the dread!
Makhleb accepts your kill.
You hear a shout!
An observer comes into view.
A dread comes into view.
An eight-headed meat hydra comes into view.
A bag of meat comes into view. It is wielding a +9 war axe.
Unknown command.
Unknown command.
Casting: Manifold Assault (safe; 0% risk of failure)
Press: ? - help, Q - select action, (/) - cycle Dir - look around, f - activate Space momentarily warps into an impossible shape!
The observer turns its gaze towards you.
The eight-headed meat hydra roars!
You carve the bag of meat like a ham!!!
You dissect the bag of meat like a pig carcass.
You kill the bag of meat!
Makhleb accepts your kill.
You feel better.
You hit the dread but do no damage.
You cleave the dread in twain.
You destroy the dread!
Makhleb accepts your kill.
You hit the destroyer but do no damage.
You hew the destroyer violently.
You destroy the destroyer!
Makhleb accepts your kill.
You slash the meat berserker!
You pulverise the meat berserker into a thin bloody mist.
You kill the meat berserker!
Makhleb accepts your kill.
A meat berserker comes into view. It is wielding a +9 battleaxe.
The eight-headed meat hydra calls on the powers of darkness!
The eight-headed meat hydra convulses!
The bag of meat convulses!
The scourge convulses!
Your body is wracked with pain!
The fleshlord convulses!
The fleshlord hits you with a +9 great mace!!!!!!
Ouch! That really hurt!
You die...

..#.....#..o...
.Do..._)........
..o...###)GO...§.
.###....)S.###)°.
...#..).)).#..§○)
...#...))))#).)..
..))....))))).)).
..))....))))...#.
..))).).@p))..#..
.))..)).)..)##).O
.)#))))))).#..)..
°..)....).))#.))##
§)##.#).....).)...
.)†.))...)).......
##....#.).).####).
........)))...#)†.
.......).)........


You could see an eight-headed meat hydra, an observer (fast, invisible), a
scourge, a fleshlord (fast), a meat berserker (berserk) and a bag of meat.

Vanquished Creatures
  6 hell knights (D)
  10 hell beasts (D)
  Edmund (D)
  6 royal mummies (D)
  6 wraiths (D)
  9 great orbs of eyes (D)
  Harold (D)
  11 vampire knights (D)
  37 ogres (D)
  10 two-headed ogres (D)
  6 liches (D)
  4 hydras (D)
  7 phantoms (D)
  78 orcs (D)
  8 skeletal warriors (D)
  3 sea snakes (D)
203 creatures vanquished.

Notes
Turn   | Place    | Note
-------+----------+-------------------------------------------
     0 | D        | Found the +∞ Axe of Woe
     0 | D        | Groucho the Djinni Warper began the quest for the Orb.
     0 | D        | Groucho set off with the following spells memorised: Blink,
                  | Lesser Beckoning, Teleport Other, Manifold Assault, Vhi's
                  | Electric Charge.
     0 | D        | Reached XP level 1. HP: 18/18 MP: 0/0
     2 | D        | Noticed a bag of meat
     2 | D        | Noticed a bag of meat
     4 | D        | Became a worshipper of Makhleb the Destroyer
     4 | D        | Noticed a bag of meat
     5 | D        | Noticed a bag of meat
     6 | D        | Noticed a meat berserker
     6 | D        | Noticed a meat berserker
     7 | D        | Killed a bag of meat
     7 | D        | Noticed a meat berserker
     8 | D        | Reached XP level 2. HP: 23/23 MP: 0/0
     8 | D        | Reached XP level 3. HP: 28/28 MP: 0/0
     8 | D        | Learned a level 1 spell: Kiss of Death
     8 | D        | Reached XP level 4. HP: 33/33 MP: 0/0
     8 | D        | Reached XP level 5. HP: 38/38 MP: 0/0
     8 | D        | Learned a level 2 spell: Call Imp
     8 | D        | Reached XP level 6. HP: 43/43 MP: 0/0
     8 | D        | Reached XP level 7. HP: 49/49 MP: 0/0
     8 | D        | Learned a level 3 spell: Mephitic Cloud
     8 | D        | Reached XP level 8. HP: 54/54 MP: 0/0
     8 | D        | Reached XP level 9. HP: 58/58 MP: 0/0
     8 | D        | Learned a level 3 spell: Tukima's Dance
     8 | D        | Reached XP level 10. HP: 64/64 MP: 0/0
     8 | D        | Reached XP level 11. HP: 68/68 MP: 0/0
     8 | D        | Learned a level 5 spell: Yara's Violent Unravelling
     8 | D        | Killed a meat berserker
     8 | D        | Reached * piety under Makhleb
     8 | D        | Noticed a bag of meat
     9 | D        | Reached skill level 15 in Spellcasting
     9 | D        | Reached skill level 15 in Conjurations
     9 | D        | Reached skill level 15 in Hexes
     9 | D        | Reached skill level 15 in Summonings
     9 | D        | Reached skill level 15 in Necromancy
     9 | D        | Reached skill level 15 in Translocations
     9 | D        | Reached skill level 15 in Fire Magic
     9 | D        | Reached skill level 15 in Ice Magic
     9 | D        | Reached skill level 15 in Air Magic
     9 | D        | Reached skill level 15 in Earth Magic
     9 | D        | Reached skill level 15 in Alchemy
     9 | D        | Reached XP level 12. HP: 74/74 MP: 0/0
     9 | D        | Reached XP level 13. HP: 78/78 MP: 0/0
     9 | D        | Learned a level 5 spell: Silence
     9 | D        | Killed a bag of meat
     9 | D        | Killed a bag of meat
     9 | D        | Killed a bag of meat
     9 | D        | Reached ** piety under Makhleb
     9 | D        | Noticed a bag of meat
    10 | D        | Reached XP level 14. HP: 44/85 MP: 0/0
    10 | D        | Killed a meat berserker
    11 | D        | Reached XP level 15. HP: 46/89 MP: 0/0
    11 | D        | Learned a level 6 spell: Conjure Ball Lightning
    11 | D        | Killed a meat berserker
    11 | D        | Reached *** piety under Makhleb
    12 | D        | Reached skill level 27 in Dodging
    12 | D        | Noticed a meat berserker
    13 | D        | Reached XP level 16. HP: 94/94 MP: 0/0
    13 | D        | Killed a meat berserker
    13 | D        | Reached **** piety under Makhleb
    14 | D        | Reached XP level 17. HP: 99/99 MP: 0/0
    14 | D        | Learned a level 7 spell: Enfeeble
    14 | D        | Reached ***** piety under Makhleb
    14 | D        | Noticed a meat berserker
    14 | D        | Noticed a meat berserker
    15 | D        | Reached skill level 27 in Axes
    15 | D        | Noticed a meat berserker
    16 | D        | Killed a meat berserker
    16 | D        | Noticed a large bag of meat
    17 | D        | Reached skill level 27 in Spellcasting
    17 | D        | Reached skill level 27 in Conjurations
    17 | D        | Reached skill level 27 in Hexes
    17 | D        | Reached skill level 27 in Summonings
    17 | D        | Reached skill level 27 in Necromancy
    17 | D        | Reached skill level 27 in Translocations
    17 | D        | Reached skill level 27 in Fire Magic
    17 | D        | Reached skill level 27 in Ice Magic
    17 | D        | Reached skill level 27 in Air Magic
    17 | D        | Reached skill level 27 in Earth Magic
    17 | D        | Reached skill level 27 in Alchemy
    17 | D        | Reached XP level 18. HP: 129/129 MP: 0/0
    17 | D        | Killed a meat berserker
    18 | D        | Noticed a meat berserker
    19 | D        | Noticed a meat berserker
    19 | D        | Noticed a destroyer
    19 | D        | Noticed a meat berserker
    20 | D        | Killed a meat berserker
    20 | D        | Noticed a meat berserker
    21 | D        | Reached XP level 19. HP: 147/147 MP: 0/0
    21 | D        | Learned a level 7 spell: Haunt
    21 | D        | Killed a large bag of meat
    21 | D        | Reached ****** piety under Makhleb
    22 | D        | Noticed a meat berserker
    23 | D        | Noticed a large bag of meat
    24 | D        | Killed a meat berserker
    24 | D        | Noticed a destroyer
    24 | D        | Noticed a large bag of meat
    25 | D        | Reached XP level 20. HP: 157/169 MP: 0/0
    25 | D        | Noticed a meat berserker
    26 | D        | Killed a meat berserker
    26 | D        | Killed a destroyer
    26 | D        | Noticed a destroyer
    27 | D        | Killed a meat berserker
    28 | D        | Reached skill level 27 in Fighting
    28 | D        | Reached skill level 27 in Armour
    28 | D        | Reached skill level 27 in Invocations
    28 | D        | Reached XP level 21. HP: 187/187 MP: 0/0
    28 | D        | Learned a level 8 spell: Infestation
    28 | D        | Killed a meat berserker
    29 | D        | Noticed a large bag of meat
    30 | D        | Noticed a destroyer
    31 | D        | Reached skill level 27 in Stealth
    31 | D        | Reached skill level 10 in Maces & Flails
    31 | D        | Reached XP level 22. HP: 191/194 MP: 0/0
    32 | D        | Killed a meat berserker
    32 | D        | Killed a destroyer
    32 | D        | Killed a large bag of meat
    32 | D        | Noticed The Servant
    33 | D        | Reached skill level 10 in Shields
    33 | D        | Reached skill level 10 in Unarmed Combat
    33 | D        | Reached skill level 10 in Evocations
    33 | D        | Reached XP level 23. HP: 189/201 MP: 0/0
    33 | D        | Learned a level 8 spell: Borgnjor's Revivification
    34 | D        | Reached skill level 10 in Short Blades
    34 | D        | Reached skill level 10 in Long Blades
    34 | D        | Reached skill level 10 in Staves
    34 | D        | Killed a destroyer
    34 | D        | Killed a destroyer
    35 | D        | Reached skill level 15 in Maces & Flails
    35 | D        | Reached XP level 24. HP: 204/208 MP: 0/0
    35 | D        | Killed a large bag of meat
    36 | D        | Reached skill level 15 in Shields
    36 | D        | Reached skill level 15 in Unarmed Combat
    36 | D        | Reached skill level 15 in Evocations
    38 | D        | Reached skill level 15 in Short Blades
    38 | D        | Reached skill level 15 in Long Blades
    38 | D        | Reached skill level 15 in Staves
    39 | D        | Reached skill level 15 in Polearms
    39 | D        | Reached skill level 15 in Ranged Weapons
    39 | D        | Reached skill level 15 in Throwing
    39 | D        | Reached skill level 15 in Shapeshifting
    39 | D        | Reached XP level 25. HP: 210/214 MP: 0/0
    39 | D        | Learned a level 9 spell: Chain Lightning
    39 | D        | Killed a large bag of meat
    39 | D        | Noticed a large bag of meat
    39 | D        | Noticed a destroyer
    40 | D        | Killed The Servant
    40 | D        | Killed a destroyer
    40 | D        | Killed a large bag of meat
    41 | D        | Reached XP level 26. HP: 217/221 MP: 0/0
    41 | D        | Noticed a destroyer
    45 | D        | Noticed a large bag of meat
    48 | D        | Noticed a destroyer
    49 | D        | Noticed an accursed
    50 | D        | Noticed an accursed
    50 | D        | Killed an accursed
    50 | D        | Killed an accursed
    51 | D        | Killed a destroyer
    51 | D        | Noticed a large bag of meat
    52 | D        | Reached XP level 27. HP: 228/228 MP: 0/0
    52 | D        | Learned a level 9 spell: Death's Door
    53 | D        | Killed a large bag of meat
    53 | D        | Noticed a destroyer
    54 | D        | Noticed a tyrant
    55 | D        | Killed a destroyer
    57 | D        | Noticed a tyrant
    57 | D        | Killed a large bag of meat
    60 | D        | Noticed a meat beast
    60 | D        | Killed a tyrant
    61 | D        | Killed a destroyer
    61 | D        | Noticed a meat beast
    62 | D        | Reached skill level 27 in Shields
    62 | D        | Reached skill level 27 in Unarmed Combat
    62 | D        | Reached skill level 27 in Evocations
    62 | D        | Noticed a meat beast
    62 | D        | Killed a tyrant
    62 | D        | Killed a meat beast
    62 | D        | Noticed a tyrant
    63 | D        | Reached skill level 27 in Short Blades
    63 | D        | Reached skill level 27 in Long Blades
    63 | D        | Reached skill level 27 in Maces & Flails
    63 | D        | Reached skill level 27 in Staves
    64 | D        | Killed a meat beast
    65 | D        | Reached skill level 27 in Polearms
    65 | D        | Reached skill level 27 in Ranged Weapons
    65 | D        | Reached skill level 27 in Throwing
    65 | D        | Reached skill level 27 in Shapeshifting
    65 | D        | Killed a meat beast
    66 | D        | Killed a tyrant
    75 | D        | Noticed a meat beast
    75 | D        | Noticed a meat beast
    75 | D        | Noticed an accursed
    76 | D        | Killed an accursed
    77 | D        | Killed a meat beast
    77 | D        | Killed a meat beast
    80 | D        | Noticed a tyrant
    84 | D        | Killed a tyrant
    84 | D        | Noticed a large bag of meat
    85 | D        | Killed a large bag of meat
    86 | D        | Noticed an accursed
    87 | D        | Killed an accursed
    89 | D        | Noticed a meat beast
    91 | D        | Noticed an accursed
    91 | D        | Killed an accursed
    91 | D        | Noticed a tyrant
    92 | D        | Killed a meat beast
    93 | D        | Killed a tyrant
    93 | D        | Noticed a large bag of meat
    93 | D        | Noticed an accursed
    94 | D        | Killed an accursed
    94 | D        | Killed a large bag of meat
    94 | D        | Noticed The Defiler
    95 | D        | Killed The Defiler
    96 | D        | Noticed a destroyer
   102 | D        | Noticed a dread
   103 | D        | Killed a dread
   108 | D        | Noticed a meat beast
   110 | D        | Noticed a dread
   110 | D        | Killed a dread
   111 | D        | Noticed a destroyer
   112 | D        | Noticed a meat beast
   113 | D        | Killed a meat beast
   113 | D        | Killed a destroyer
   114 | D        | Noticed a fleshlord
   115 | D        | Killed a fleshlord
   115 | D        | Noticed a meat beast
   116 | D        | Noticed a dread
   119 | D        | Killed a meat beast
   119 | D        | Killed a meat beast
   121 | D        | Noticed a fleshlord
   124 | D        | Noticed a fleshlord
   125 | D        | Noticed a fleshlord
   125 | D        | Killed a fleshlord
   125 | D        | Killed a fleshlord
   125 | D        | Noticed a fleshlord
   126 | D        | Killed a fleshlord
   127 | D        | Noticed a dread
   127 | D        | Noticed a large bag of meat
   128 | D        | Noticed a dread
   128 | D        | Killed a large bag of meat
   128 | D        | Killed a fleshlord
   128 | D        | Killed a dread
   129 | D        | Killed a dread
   130 | D        | Noticed a destroyer
   130 | D        | Noticed a fleshlord
   130 | D        | Noticed a fleshlord
   131 | D        | Noticed a meat beast
   132 | D        | Killed a fleshlord
   132 | D        | Noticed a tyrant
   132 | D        | Noticed a meat beast
   133 | D        | Killed a meat beast
   133 | D        | Killed a tyrant
   133 | D        | Noticed a destroyer
   134 | D        | Killed a destroyer
   134 | D        | Killed a dread
   134 | D        | Noticed a dread
   135 | D        | Killed a dread
   135 | D        | Killed a destroyer
   135 | D        | Annihilated by a fleshlord

Illustrated notes

Levels and vault maps discovered:
D:        meatsprint

Skill      XL: |  1  2  3  4  5  6  7  8  9 10 11 12 13 14 15 16 17 18 19 20 21 22 23 24 25 26 27 |
---------------+----------------------------------------------------------------------------------+-----
Axes           | 12 16 18 20 22 25 27 | 27.0
Dodging        | 16 20 23 25 27 | 27.0
Spellcasting   | 12 15 17 19 21 24 27 | 27.0
Conjurations   | 12 15 17 19 21 24 27 | 27.0
Hexes          | 12 15 17 19 21 24 27 | 27.0
Summonings     | 12 15 17 19 21 24 27 | 27.0
Necromancy     | 12 15 17 19 21 24 27 | 27.0
Translocations | 12 15 17 19 21 24 27 | 27.0
Fire Magic     | 12 15 17 19 21 24 27 | 27.0
Ice Magic      | 12 15 17 19 21 24 27 | 27.0
Air Magic      | 12 15 17 19 21 24 27 | 27.0
Earth Magic    | 12 15 17 19 21 24 27 | 27.0
Alchemy        | 12 15 17 19 21 24 27 | 27.0
Fighting       | 11 16 22 27 | 27.0
Armour         | 11 16 22 27 | 27.0
Invocations    | 11 16 22 27 | 27.0
Stealth        | 13 27 | 27.0
Maces & Flails | 10 13 15 18 20 22 27 | 27.0
Short Blades   | 9 13 16 19 22 27 | 27.0
Long Blades    | 9 13 16 19 22 27 | 27.0
Polearms       | 9 12 15 17 20 27 | 27.0
Staves         | 9 13 16 19 22 27 | 27.0
Ranged Weapons | 9 12 15 17 20 27 | 27.0
Throwing       | 9 12 15 17 20 27 | 27.0
Shields        | 10 14 17 20 24 27 | 27.0
Unarmed Combat | 10 14 17 20 24 27 | 27.0
Evocations     | 10 14 17 20 24 27 | 27.0
Shapeshifting  | 9 12 15 17 20 27 | 27.0

Action                     |  1- 3 |  4- 6 |  7- 9 | 10-12 | 13-15 | 16-18 | 19-21 | 22-24 | 25-27 || total
---------------------------+-------+-------+-------+-------+-------+-------+-------+-------+-------++-------
  Melee: Executioner's axe |     1 |       |       |     1 |     7 |    12 |     8 |    14 |   132 ||   175
   Cast: Manifold Assault  |       |       |       |       |     3 |     3 |       |     2 |    37 ||    45
    Use: Scroll            |       |       |       |       |       |       |       |       |     1 ||     1
 Armour: Leather armour    |       |       |       |       |     1 |       |     7 |    10 |    31 ||    49
  Dodge: Dodged            |       |       |       |       |       |       |       |       |     4 ||     4
